 Dungeon Crawl Stone Soup version 0.26.1-11-gd32895ea62 (webtiles) character file.

Game seed: 13260862681015688437

7329 jlumianski the Magician (level 11, -13/84 HPs)
             Began as a Gnoll Warper on July 7, 2021.
             Was a Follower of Okawaru.
             Mangled by a spark wasp (16 damage)
             ... created by the adversity of Qazlal
             ... on level 8 of the Dungeon.
             The game lasted 00:56:36 (12505 turns).

jlumianski the Magician (Gnoll Warper)             Turns: 12505, Time: 00:56:39

Health: -13/84     AC: 18    Str: 15    XL:     11   Next: 13%
Magic:  20/22      EV: 18    Int: 18    God:    Okawaru [*.....]
Gold:   303        SH: 10    Dex: 14    Spells: 20/25 levels left

rFire    . . .     SeeInvis .   G - +3 war axe (venom)
rCold    . . .     Faith    .   m - +3 buckler
rNeg     . . .     Spirit   .   I - +0 ring mail
rPois    .         Reflect  .   (helmet restricted)
rElec    .         Harm     .   C - scarf {+Inv}
rCorr    .         Rampage  .   B - +2 pair of gloves
Will     .....     Clarity  +   T - +2 pair of boots
Stlth    ++++......             (no amulet)
HPRegen  0.24/turn              t - ring of flight
MPRegen  0.18/turn              S - +4 ring of protection

@: heroism
A: distributed training, antennae 2, fangs 1, clarity, wild magic 1, strong nose
a: Renounce Religion, Evoke Invisibility, Evoke Flight, Heroism


You were on level 8 of the Dungeon.
You worshipped Okawaru.
Okawaru was aware of your devotion.
You visited 2 branches of the dungeon, and saw 10 of its levels.

You collected 532 gold pieces.
You spent 229 gold pieces at shops.

Inventory:

Hand Weapons
 E - a +0 arbalest
 G - a +3 war axe of venom (weapon)
Missiles
 e - 5 boomerangs of dispersal
 j - 54 bolts
 w - 2 poisoned darts
 y - 12 boomerangs (quivered)
Armour
 m - a +3 buckler (worn)
 B - a +2 pair of gloves (worn)
 C - a scarf of invisibility (worn)
 I - a +0 ring mail (worn)
 T - a +2 pair of boots (worn)
Jewellery
 t - a ring of flight (left hand)
 S - a +4 ring of protection (right hand)
 X - an uncursed ring of wizardry
Wands
 x - a wand of polymorph (12)
 z - a wand of digging (10)
 Q - a wand of iceblast (9)
 R - a wand of flame (23)
 W - a wand of enslavement (7)
Scrolls
 l - 8 scrolls of remove curse
 r - 5 scrolls of teleportation
 u - 8 scrolls of identify
 A - a scroll of fear
Potions
 a - a potion of mutation
 f - a potion of haste
 k - 3 potions of flight
 D - 4 potions of curing


   Skills:
 + Level 7.6(12.6) Fighting
 + Level 6.0(11.0) Short Blades
 + Level 6.0(11.0) Long Blades
 + Level 7.6(12.6) Axes
 + Level 6.0(11.0) Maces & Flails
 + Level 6.0(11.0) Polearms
 + Level 6.0(11.0) Staves
 + Level 6.0(11.0) Slings
 + Level 6.0(11.0) Bows
 + Level 6.0(11.0) Crossbows
 + Level 6.6(11.6) Throwing
 + Level 6.6(11.6) Armour
 + Level 7.6(12.6) Dodging
 + Level 6.0(11.0) Stealth
 + Level 6.0(11.0) Shields
 + Level 6.0(11.0) Unarmed Combat
 + Level 7.9 Spellcasting
 + Level 5.0 Conjurations
 + Level 5.0 Hexes
 + Level 5.0 Summonings
 + Level 5.0 Necromancy
 + Level 7.5 Translocations
 + Level 5.0 Transmutations
 + Level 5.0 Fire Magic
 + Level 5.0 Ice Magic
 + Level 5.0 Air Magic
 + Level 5.0 Earth Magic
 + Level 5.0 Poison Magic
 + Level 6.6 Invocations
 + Level 6.0 Evocations


You had 20 spell levels left.
You knew the following spells:

 Your Spells              Type           Power        Failure   Level
a - Blink                 Tloc           N/A          2%          2
b - Gell's Gravitas       Tloc           22%          4%          3

Your spell library contained the following spells:

 Spells                   Type           Power        Failure   Level
 Apportation              Tloc           88%          1%          1
 Animate Skeleton         Necr           64%          4%          1
 Corona                   Hex            35%          4%          1
 Summon Small Mammal      Summ           100%         4%          1
 Lesser Beckoning         Tloc           22%          4%          3
 Teleport Other           Tloc           44%          4%          3
 Passage of Golubria      Tloc           N/A          12%         4
 Bolt of Magma            Conj/Fire/Erth 16%          61%         5
 Iskenderun's Battlesphe  Conj           32%          61%         5
 Iron Shot                Conj/Erth      16%          98%         6
 Orb of Destruction       Conj           16%          100%        7
 Spellforged Servitor     Conj/Summ      16%          100%        7


Dungeon Overview and Level Annotations

Branches:
Dungeon (9/15)             Temple (1/1) D:6            Lair (0/6) D:9
    Orc: D:9-12

Altars:
Ashenzari
Cheibriados
Dithmenos
Elyvilon
Fedhas
Gozag
Hepliaklqana
Kikubaaqudgha
Makhleb
Nemelex Xobeh
Okawaru
Qazlal
Ru
Sif Muna
Trog
Uskayaw
Vehumet
Wu Jian
Xom
Yredelemnul
Zin
The Shining One

Shops:
D:4 (   D:5 :![=

Annotations:
D:9 Grum


Innate Abilities, Weirdness & Mutations

Your experience applies equally to all skills.
You have very sharp teeth.
Your uncanny sense of smell can sniff out nearby items.
You have a pair of antennae on your head.
You possess an exceptional clarity of mind.
Your spells are a little harder to cast, but a little more powerful.


Message History

You gasp with relief as air once again reaches your lungs.
There is a stone staircase leading down, spattered with blood here.
You start resting.
Qazlal causes a mighty clap of thunder!
Qazlal incites the elements against you!
A lindwurm and a spark wasp come into view.
You gain the combat prowess of a mighty hero.
You hear an angry buzzing noise.
The spark wasp stings you! The spark wasp shocks you!
You see here a yak skeleton.
You closely miss the spark wasp. The spark wasp stings you.
The spark wasp shocks you!
You closely miss the spark wasp. You block the spark wasp's attack.
The lindwurm breathes flames at you. The blast of flame hits you!!
* * * LOW HITPOINT WARNING * * *
The spark wasp stings you!
* * * LOW HITPOINT WARNING * * *
The spark wasp shocks you!
You die...

#.## ###..## #.....# ## ##...##
.# #### ##.#.# .## #..###...##
..# #...##...# ..# #y..#....##
..# ###.@.......# ## ..#
#...>(..#..## ###. ..#
####...k..##..# ##... ..####
###..#...#.....## #....
...#.###.#......###.#..#### #..##
.................#..#..#..####..#
......#..#.........##......#.....
.##...#........†...###...........
.###...>....<....###...#.....#...


You could see a spark wasp and a lindwurm (catching breath).

Vanquished Creatures
  A two-headed ogre (D:7)
  A boulder beetle (D:8)
  Joseph (D:7)
  A rime drake (D:7)
  A komodo dragon (D:9)
  2 wind drakes (D:7)
  A hornet (D:7)
  Sigmund (D:6)
  An air elemental (D:8)
  9 yaks
  2 water elementals (D:8)
  Eustachio (D:6)
  A wyvern (D:7)
  4 vampire mosquitoes (D:8)
  2 water moccasins
  4 ice beasts
  2 orc warriors (D:6)
  A sky beast (D:5)
  4 ogres
  5 wolves
  A necrophage (D:8)
  3 centaurs
  Blork the orc (D:6)
  3 big kobolds (D:8)
  3 bullfrogs
  A wyvern skeleton (D:8)
  A scorpion (D:5)
  3 killer bees (D:7)
  2 electric eels (D:8)
  2 centaur skeletons
  A wyvern simulacrum (D:8)
  3 hounds
  A jelly (D:7)
  3 orc priests
  An orc wizard (D:5)
  Crazy Yiuf (D:5)
  2 iguanas
  3 worker ants
  2 centaur simulacra (D:8)
  A bullfrog simulacrum (D:8)
  2 hound skeletons (D:7)
  A howler monkey zombie (D:7)
  7 gnolls
  2 howler monkey skeletons
  A worker ant zombie (D:7)
  4 adders
  A hound simulacrum (D:8)
  A shadow imp (D:7)
  7 white imps
  4 ufetubi
  An ooze (D:1)
  An adder zombie (D:7)
  An adder skeleton (D:5)
  A worm (D:4)
  11 dart slugs
  3 leopard geckos
  16 orcs
  4 ball pythons
  6 giant cockroaches
  6 goblins
  9 hobgoblins
  4 jackals
  4 quokkas
  11 bats
  4 frilled lizards
  26 kobolds
  A quokka zombie (D:8)
  9 rats
231 creatures vanquished.

Vanquished Creatures (others)
  12 fungi
  9 plants
21 creatures vanquished.

Grand Total: 252 creatures vanquished

Notes
Turn   | Place    | Note
-------+----------+-------------------------------------------
     0 | D:1      | jlumianski the Gnoll Warper began the quest for the Orb.
     0 | D:1      | Reached XP level 1. HP: 20/20 MP: 6/6
   109 | D:1      | Reached XP level 2. HP: 20/26 MP: 7/7
   556 | D:1      | Reached XP level 3. HP: 31/31 MP: 9/9
   566 | D:1      | Reached skill level 5 in Spellcasting
   577 | D:1      | Learned a level 2 spell: Blink
   581 | D:1      | Learned a level 3 spell: Gell's Gravitas
   859 | D:1      | Reached skill level 1 in Invocations
  1230 | D:2      | Found a white marble altar of Elyvilon.
  1275 | D:2      | Reached skill level 1 in Short Blades
  1275 | D:2      | Reached skill level 1 in Long Blades
  1275 | D:2      | Reached skill level 1 in Maces & Flails
  1275 | D:2      | Reached skill level 1 in Polearms
  1275 | D:2      | Reached skill level 1 in Staves
  1275 | D:2      | Reached skill level 1 in Slings
  1275 | D:2      | Reached skill level 1 in Bows
  1275 | D:2      | Reached skill level 1 in Crossbows
  1275 | D:2      | Reached skill level 1 in Stealth
  1275 | D:2      | Reached skill level 1 in Shields
  1275 | D:2      | Reached skill level 1 in Unarmed Combat
  1275 | D:2      | Reached skill level 1 in Evocations
  1275 | D:2      | Reached XP level 4. HP: 23/38 MP: 11/11
  1621 | D:2      | Found a shadowy altar of Dithmenos.
  2399 | D:3      | Reached skill level 1 in Conjurations
  2399 | D:3      | Reached skill level 1 in Hexes
  2399 | D:3      | Reached skill level 1 in Summonings
  2399 | D:3      | Reached skill level 1 in Necromancy
  2399 | D:3      | Reached skill level 1 in Transmutations
  2399 | D:3      | Reached skill level 1 in Fire Magic
  2399 | D:3      | Reached skill level 1 in Ice Magic
  2399 | D:3      | Reached skill level 1 in Air Magic
  2399 | D:3      | Reached skill level 1 in Earth Magic
  2399 | D:3      | Reached skill level 1 in Poison Magic
  3230 | D:4      | Reached XP level 5. HP: 43/43 MP: 12/12
  3476 | D:4      | Found Myanadun's Weapon Shop.
  3485 | D:4      | Bought a +0 war axe of venom for 86 gold pieces
  3980 | D:4      | Found an ornate altar of the Wu Jian Council.
  3986 | D:4      | Found a shimmering altar of Xom.
  4052 | D:5      | Entered Level 5 of the Dungeon
  4055 | D:5      | Found a snail-covered altar of Cheibriados.
  4099 | D:5      | Found Haugasu's Distillery.
  4407 | D:5      | Noticed an ogre
  4408 | D:5      | Noticed a water moccasin
  4424 | D:4      | Killed an ogre
  4425 | D:4      | Reached XP level 6. HP: 50/50 MP: 14/14
  4435 | D:4      | Killed a water moccasin
  4436 | D:4      | Reached skill level 5 in Fighting
  4436 | D:4      | Reached skill level 5 in Axes
  4436 | D:4      | Reached skill level 5 in Dodging
  4631 | D:5      | Bought a potion of curing for 33 gold pieces
  4631 | D:5      | Bought a potion of degeneration for 11 gold pieces
  4697 | D:5      | Found an opulent altar of Gozag.
  4723 | D:5      | Reached XP level 7. HP: 55/56 MP: 15/15
  5038 | D:5      | Found Watrohot's Book Boutique.
  5214 | D:5      | Found Qisaer's Jewellery Shop.
  5369 | D:5      | Found Julo's Antique Armour Boutique.
  5397 | D:5      | Bought a helmet for 99 gold pieces
  5465 | D:5      | Found a glowing golden altar of the Shining One.
  5470 | D:5      | Noticed an angel
  5485 | D:5      | Found a basalt altar of Yredelemnul.
  5487 | D:5      | Noticed a profane servitor
  5659 | D:5      | Found a runed translucent door.
  5660 | D:5      | Noticed Crazy Yiuf
  5671 | D:5      | Killed Crazy Yiuf
  5828 | D:6      | Noticed Eustachio
  5859 | D:6      | Killed Eustachio
  5881 | D:6      | Reached XP level 8. HP: 54/63 MP: 16/16
  5899 | D:6      | Found an opulent altar of Gozag.
  5918 | D:6      | Found a shimmering blue altar of Sif Muna.
  6307 | D:6      | Found a staircase to the Ecumenical Temple.
  6346 | Temple   | Entered the Ecumenical Temple
  6600 | D:6      | Noticed Blork the orc
  6608 | D:6      | Killed Blork the orc
  6729 | D:6      | Noticed Sigmund
  6739 | D:6      | Killed Sigmund
  6740 | D:6      | Reached XP level 9. HP: 61/69 MP: 18/18
  7447 | D:7      | Gained mutation: You have a pair of small antennae on your
                  | head. [potion of mutation]
  7447 | D:7      | Gained mutation: Your spells are a little harder to cast,
                  | but a little more powerful. [potion of mutation]
  7447 | D:7      | Gained mutation: You have a pair of antennae on your head.
                  | [potion of mutation]
  7447 | D:7      | Gained mutation: You possess an exceptional clarity of
                  | mind. [potion of mutation]
  7525 | D:7      | Noticed Joseph
  7542 | D:7      | Killed Joseph
  7543 | D:7      | Reached skill level 5 in Throwing
  7543 | D:7      | Reached skill level 5 in Armour
  7780 | D:8      | Noticed a hornet
  7868 | D:7      | Killed a hornet
  7978 | D:7      | Reached skill level 5 in Invocations
  8745 | D:8      | Noticed a two-headed ogre
  8759 | D:8      | Reached XP level 10. HP: 77/77 MP: 15/20
  8917 | D:7      | Reached skill level 5 in Short Blades
  8917 | D:7      | Reached skill level 5 in Long Blades
  8917 | D:7      | Reached skill level 5 in Maces & Flails
  8917 | D:7      | Reached skill level 5 in Polearms
  8917 | D:7      | Reached skill level 5 in Staves
  8917 | D:7      | Reached skill level 5 in Slings
  8917 | D:7      | Reached skill level 5 in Bows
  8917 | D:7      | Reached skill level 5 in Crossbows
  8917 | D:7      | Reached skill level 5 in Stealth
  8917 | D:7      | Reached skill level 5 in Shields
  8917 | D:7      | Reached skill level 5 in Unarmed Combat
  8917 | D:7      | Reached skill level 5 in Evocations
  9240 | D:7      | Killed a two-headed ogre
  9468 | D:8      | You fall into a shaft and drop 1 floor!
  9677 | D:8      | Found a stormy altar of Qazlal.
  9687 | D:8      | Found a blossoming altar of Fedhas.
  9722 | D:8      | Became a worshipper of Qazlal Stormbringer
 10022 | D:8      | Found an iron altar of Okawaru.
 10025 | D:8      | Fell from the grace of Qazlal
 10025 | D:8      | Became a worshipper of Warmaster Okawaru
 10450 | D:9      | Found a staircase to the Lair.
 10656 | D:8      | Noticed a boulder beetle
 10657 | D:8      | Reached * piety under Okawaru
 10668 | D:8      | Killed a boulder beetle
 11222 | D:9      | Noticed Grum
 11251 | D:8      | Noticed a spark wasp
 12116 | D:8      | Reached XP level 11. HP: 54/84 MP: 22/22
 12298 | D:8      | Reached skill level 5 in Conjurations
 12298 | D:8      | Reached skill level 5 in Hexes
 12298 | D:8      | Reached skill level 5 in Summonings
 12298 | D:8      | Reached skill level 5 in Necromancy
 12298 | D:8      | Reached skill level 5 in Transmutations
 12298 | D:8      | Reached skill level 5 in Fire Magic
 12298 | D:8      | Reached skill level 5 in Ice Magic
 12298 | D:8      | Reached skill level 5 in Air Magic
 12298 | D:8      | Reached skill level 5 in Earth Magic
 12298 | D:8      | Reached skill level 5 in Poison Magic
 12502 | D:8      | Noticed a lindwurm
 12502 | D:8      | Noticed a spark wasp
 12505 | D:8      | HP: 3/84 [spark wasp[the adversity of Qazlal] (8)]
 12505 | D:8      | Mangled by a spark wasp

Illustrated notes

Levels and vault maps discovered:
D:1:      dpeg_arrival_boxorama, layout_basic, serial_bayou_ford_a,
          minivault_14, nrook_campfire
D:2:      layout_loops_corners, lemuel_doored_altar,
          nicolae_dithmenos_through_a_glass_darkly
D:3:      layout_basic
D:4:      layout_loops_ring, minitemple, serial_shops, nicolae_shop_stone
D:5:      kennysheep_slugbush, layout_basic, grunt_temple_overflow_holy_war,
          basic_altar, serial_shops, nicolae_shop_window_shopping, shop, shop,
          nicolae_shop_window_shopping, cheibriados_altar_1,
          uniq_crazy_yiuf_cottage
D:6:      lemuel_ice_spiral_2, layout_rooms, kennysheep_mini,
          grunt_gozag_statues, minmay_temple_entry_stoned_glass,
          uniq_blork_the_orc, uniq_eustachio, uniq_sigmund
D:7:      layout_basic, uniq_joseph
D:8:      layout_cave_pools, grunt_temple_overflow_forces_of_nature,
          kennysheep_mini_moat, serial_ice, serial_ice_i, serial_ice_a,
          serial_ice_d, serial_ice_m, serial_ice_h, serial_ice_e
D:9:      layout_layer_cave, david_lair_shrubbed, uniq_grum
Temple:   minmay_temple_bridge_abc

Skill      XL: |  1  2  3  4  5  6  7  8  9 10 11 |
---------------+----------------------------------+-----
Spellcasting   | 5 6 7 |  7.9
Invocations    | 1 2 3 4 5 6 |  6.6
Short Blades   | 1 2 3 4 5 6 |  6.0
Long Blades    | 1 2 3 4 5 6 |  6.0
Maces & Flails | 1 2 3 4 5 6 |  6.0
Polearms       | 1 2 3 4 5 6 |  6.0
Staves         | 1 2 3 4 5 6 |  6.0
Slings         | 1 2 3 4 5 6 |  6.0
Bows           | 1 2 3 4 5 6 |  6.0
Crossbows      | 1 2 3 4 5 6 |  6.0
Stealth        | 1 2 3 4 5 6 |  6.0
Shields        | 1 2 3 4 5 6 |  6.0
Unarmed Combat | 1 2 3 4 5 6 |  6.0
Evocations     | 1 2 3 4 5 6 |  6.0
Conjurations   | 1 2 3 4 5 |  5.0
Hexes          | 1 2 3 4 5 |  5.0
Summonings     | 1 2 3 4 5 |  5.0
Necromancy     | 1 2 3 4 5 |  5.0
Transmutations | 1 2 3 4 5 |  5.0
Fire Magic     | 1 2 3 4 5 |  5.0
Ice Magic      | 1 2 3 4 5 |  5.0
Air Magic      | 1 2 3 4 5 |  5.0
Earth Magic    | 1 2 3 4 5 |  5.0
Poison Magic   | 1 2 3 4 5 |  5.0
Throwing       | 3 4 5 6 |  6.6
Armour         | 3 4 5 6 |  6.6
Fighting       | 5 6 7 |  7.6
Axes           | 5 6 7 |  7.6
Dodging        | 5 6 7 |  7.6
Translocations | 6 7 |  7.5

Action                   |  1- 3 |  4- 6 |  7- 9 | 10-12 || total
-------------------------+-------+-------+-------+-------++-------
Melee: Hand axe          |   118 |    95 |       |       ||   213
       Bite              |    14 |    10 |    30 |    37 ||    91
       War axe           |       |    63 |   277 |   243 ||   583
Throw: Stone             |       |     7 |       |       ||     7
       Boomerang         |       |     8 |    22 |    22 ||    52
 Cast: Blink             |       |     1 |     5 |     8 ||    14
       Gell's Gravitas   |       |       |     5 |    11 ||    16
Invok: Heroism           |       |       |       |     1 ||     1
Evoke: Wand              |       |       |     2 |     3 ||     5
  Use: Scroll            |     1 |     1 |     4 |    12 ||    18
       Potion            |       |     1 |     8 |     2 ||    11
 Stab: Sleeping          |     1 |     4 |     2 |       ||     7
       Distracted        |       |       |     1 |       ||     1
Armor: Leather armour    |    32 |    34 |       |       ||    66
       Ring mail         |       |    25 |   107 |   117 ||   249
Dodge: Dodged            |   101 |   117 |   193 |   202 ||   613
Block: Buckler           |     2 |    47 |   107 |   143 ||   299
